 Dungeon Crawl Stone Soup version 0.22-a0-21-g9421e3f (webtiles) character file.

63 tidbits the Sneak (level 3, -5/14 HPs)
             Began as a Felid Necromancer on Jan 2, 2018.
             Was an Initiate of Cheibriados.
             Killed by divine providence
             ... invoked by an orc priest
              (12 damage)
             ... on level 4 of the Dungeon.
             The game lasted 00:11:55 (1027 turns).

tidbits the Sneak (Felid Necromancer)               Turns: 1027, Time: 00:11:56

Health: -5/14      AC:  1    Str:  5    XL:     3   Next: 89%
Magic:  8/8        EV: 18    Int: 18    God:    Cheibriados [......]
Gold:   101        SH:  0    Dex: 17    Spells: 2/7 levels left
                                        Lives:  0   Deaths: 1

rFire    . . .     SeeInvis +     - Unarmed
rCold    . . .     Gourm    .   (shield unavailable)
rNeg     . . .     Faith    .   (armour unavailable)
rPois    .         Spirit   .   (helmet unavailable)
rElec    .         Reflect  .   (cloak unavailable)
rCorr    .         Harm     .   (gloves unavailable)
MR       .....                  (boots unavailable)
Stlth    +++.......             (no amulet)
HPRegen  0.04/turn              (no ring)
MPRegen  0.11/turn              (no ring)

@: about to teleport, slow
A: very small, no armour, no weapons or thrown items, stealth, claws 1, fangs 3,
see invisible, carnivore, speed 1, shaggy fur 1, slow metabolism 1, sharp paws
a: Bend Time, Renounce Religion


You were on level 4 of the Dungeon.
You worshipped Cheibriados.
Cheibriados was noncommittal.
You were full.

You visited 1 branch of the dungeon, and saw 5 of its levels.

You collected 101 gold pieces.

Inventory:

Scrolls
 c - 2 scrolls of enchant weapon
Potions
 f - a potion of ambrosia
 h - a potion of flight
 i - a potion of haste
Books
 a - a book of Necromancy

   Spells                             Type                      Level
   a - Pain                           Necromancy                   1
   b - Animate Skeleton               Necromancy                   1
   c - Vampiric Draining              Necromancy                   3
   d - Regeneration                   Charms/Necromancy            3
   e - Animate Dead                   Necromancy                   4
   f - Borgnjor's Vile Clutch         Necromancy/Earth             5
Comestibles
 b - 2 rations


   Skills:
 - Level 2.6 Dodging
 - Level 4.9 Stealth
 - Level 2.5 Unarmed Combat
 + Level 2.6 Spellcasting
 - Level 4.0 Necromancy


You had 2 spell levels left.
You knew the following spells:

 Your Spells              Type           Power        Failure   Level  Hunger
a - Pain                  Necr           ###.         3%          1    #......
n - Animate Skeleton      Necr           N/A          3%          1    #......
r - Regeneration          Chrm/Necr      #.........   22%         3    ###....


Dungeon Overview and Level Annotations

Branches:
Dungeon (5/15)
 Temple: D:4-7

Altars:
Cheibriados
Qazlal


Innate Abilities, Weirdness & Mutations

You cannot wear armour.
You are incapable of wielding weapons or throwing items.
Your paws allow you to move quietly. (Stealth)
You have sharp claws.
You have razor-sharp teeth.
You have supernaturally acute eyesight. (SInv)
You are carnivorous and can eat meat at any time.
You cover ground quickly.
You are covered in fur. (AC +1)
You have a slow metabolism.
Your sharp claws are effective at attacking unaware monsters.


Message History

Terence writhes in agony!
The bat hits you but does no damage. Terence misses you.
Casting: Pain
Confirm with . or Enter, or press ? or * to list all spells.
Aiming: Pain
Press: ? - help, Shift-Dir - straight line, f/p - Terence
Aim: Terence, wielding a hand axe and wearing a scale mail (almost dead, chance to defeat MR: 80%) Terence writhes in agony!
You kill Terence!
The bat hits you.
* * * LOW HITPOINT WARNING * * *
Casting: Pain
Confirm with . or Enter, or press ? or * to list all spells.
Aiming: Pain
Press: ? - help, Shift-Dir - straight line, f - bat
Aim: a bat (chance to defeat MR: 85%)
The bat writhes in agony!
You kill the bat!
Things that are here:
a hand axe; a scale mail
Okay, then.
There is a stormy altar of Qazlal here.
A rat comes into view.
Found 25 sling bullets and a short sword.
A rat comes into view.
There is a stone staircase leading down here.
You scratch the rat.
The rat is moderately wounded.
You scratch the rat but do no damage.
The rat is moderately wounded.
The rat bites you.
* * * LOW HITPOINT WARNING * * *
You scratch the rat.
The rat is severely wounded.
The rat completely misses you.
Casting: Pain
Confirm with . or Enter, or press ? or * to list all spells.
Aiming: Pain
Press: ? - help, Shift-Dir - straight line, f - rat
Aim: a rat (severely wounded, chance to defeat MR: 85%)
The rat writhes in agony!
You kill the rat!
You climb downwards.
Found a ration and 2 gold pieces.
There is a stone staircase leading up here.
You see here 2 gold pieces.
You now have 101 gold pieces (gained 2).
Your magical contamination has completely faded away.
You see here a ration.
You eat the ration.
That ration really hit the spot!
Found a stone staircase leading down.
There is a stone staircase leading down here.
You climb downwards.
A giant cockroach comes into view.
Found 23 arrows and a ration.
There is a stone staircase leading up here.
Found an escape hatch in the ceiling.
The helpless giant cockroach fails to defend itself.
You claw the giant cockroach!
You kill the giant cockroach!
You see here a ration.
b - 2 rations (gained 1)
Okay, then.
There is a stone staircase leading up here.
A sky beast comes into view.
There is a stone staircase leading up here.
You climb upwards.
There is a stone staircase leading down here.
An orc comes into view. It is wielding a mace of venom.
Found a war axe.
You open the door.
Found a snail-covered altar of Cheibriados.
There is an open door here.
There is a snail-covered altar of Cheibriados here.
You sit before the altar of Cheibriados.
Cheibriados welcomes you!
Cheibriados begins to support your attributes as your movement slows.
You can now bend time to slow others.
You open the door.
There is an open door here. 2 orcs and an orc priest come into view.
The orc shouts!
You hear a shout!
There is an open door here.
Okay, then.
As you read the scroll labeled ZUKHOTR HACKO, it crumbles to dust.
You feel strangely unstable.
It was a scroll of teleportation.
Your surroundings suddenly seem different.
An orc priest comes into view. It is wielding a whip.
The orc priest shouts!
An orc comes into view. It is wielding a whip.
The orc shouts!
An orc comes into view. It is wielding a short sword.
The orc shouts!
Found three items.
As you read the scroll of teleportation, it crumbles to dust.
You feel strangely unstable.
The orc priest calls down the wrath of Beogh upon you.
Beogh smites you!
Ouch! That really hurt!
You die...

# #.# #. #..
.. ### ##
######+#####
......?...#
#........#
#........#
#...@...!#
#........#
#........#
#.oo.....#
#.[.o....#
#........#
#........#
##########


You could see an orc priest and 2 orcs.

Vanquished Creatures
  A hound (D:2)
  Terence (D:3)
  2 adders (D:2)
  2 dart slugs (D:2)
  A giant cockroach (D:5)
  5 goblins
  5 hobgoblins
  6 bats
  3 frilled lizards (D:1)
  6 kobolds
  3 rats
35 creatures vanquished.

Vanquished Creatures (collateral kills)
  A goblin (D:2)
1 creature vanquished.

Grand Total: 36 creatures vanquished

Notes
Turn   | Place    | Note
-------+----------+-------------------------------------------
     0 | D:1      | tidbits the Felid Necromancer began the quest for the Orb.
     0 | D:1      | Reached XP level 1. HP: 7/7 MP: 4/4
    79 | D:1      | Reached skill level 3 in Stealth
   228 | D:1      | Reached skill level 1 in Unarmed Combat
   296 | D:1      | Reached XP level 2. HP: 3/11 MP: 6/6
   299 | D:1      | Learned a level 1 spell: Animate Skeleton
   478 | D:2      | Reached skill level 4 in Stealth
   500 | D:2      | Reached XP level 3. HP: 3/14 MP: 3/7
   588 | D:1      | Learned a level 3 spell: Regeneration
   759 | D:2      | Reached skill level 2 in Unarmed Combat
   764 | D:2      | Reached XP level 4. HP: 12/18 MP: 1/8
   890 | D:3      | HP: 1/18 [orc priest/divine providence (11)]
   891 | D:3      | Slain by an orc priest
   892 | D:3      | Reached XP level 3. HP: -1/14 MP: 6/7
   919 | D:3      | Found a stormy altar of Qazlal.
   919 | D:3      | Noticed Terence
   929 | D:3      | Killed Terence
   971 | D:5      | Entered Level 5 of the Dungeon
   987 | D:5      | Noticed a sky beast
  1005 | D:4      | Found a snail-covered altar of Cheibriados.
  1010 | D:4      | Became a worshipper of Cheibriados the Contemplative
  1027 | D:4      | Killed from afar by an orc priest

Vault maps used:
D:1:      giann_wishing_wells, hex_intersection, hangedman_glass_teeth,
          minmay_crystal_room
D:2:      marbit_many_paths, makhleb_heckhound_becter
D:3:      grunt_qazlal_clouds, kennysheep_small_spiral, uniq_crazy_yiuf_cottage,
          uniq_terence
D:4:      lemuel_doored_altar
D:5:      vehumet_statue, first_ration

Skill      XL: |  1  2  3 |
---------------+----------+-----
Stealth        | 3 4 |  4.9
Unarmed Combat | 1 2 |  2.5
Dodging        | |  2.6
Spellcasting   | |  2.6
Necromancy     | |  4.0

Action                   |  1- 3 |  4- 6 || total
-------------------------+-------+-------++-------
Melee: Unarmed           |    14 |     1 ||    15
       Bite              |     2 |       ||     2
 Cast: Pain              |    54 |     6 ||    60
       Animate Skeleton  |     2 |       ||     2
  Use: Scroll            |     5 |       ||     5
       Potion            |     1 |     1 ||     2
 Stab: Sleeping          |     8 |     1 ||     9
       Distracted        |     1 |       ||     1
  Eat: Ration            |     1 |       ||     1
Armor: Skin              |     1 |       ||     1
Dodge: Dodged            |    29 |       ||    29

Table legend:
 A = Spawn XP
 B = Non-spawn XP
 C = Spawn XP percentage of total XP
 D = Spawn monster count
 E = Non-spawn monster count
 F = Spawn count percentage of total count
 G = Total turns spent on level
                    A         B        C        D         E        F      G
               +---------+---------+-------+---------+---------+-------+---------
         Total |       0 |     156 |   0.0 |       0 |      36 |   0.0 |  1027
               +---------+---------+-------+---------+---------+-------+---------
           D:1 |       0 |      26 |   0.0 |       0 |      17 |   0.0 |   585
           D:2 |       0 |      90 |   0.0 |       0 |      15 |   0.0 |   300
           D:3 |       0 |      38 |   0.0 |       0 |       3 |   0.0 |    59
           D:5 |       0 |       2 |   0.0 |       0 |       1 |   0.0 |    24
               +---------+---------+-------+---------+---------+-------+---------

Table legend:
 A = Turns spent in this place as a percentage of turns spent in the entire game.
 B = Non-inter-level travel turns spent in this place as a percentage of non-inter-level travel turns spent in the entire game.
 C = Inter-level travel turns spent in this place as a percentage of turns spent in this place.
 D = Turns resting spent in this place as a percentage of non-inter-level travel turns spent in this place.
 E = Turns spent auto-exploring this place as a percentage of non-inter-level travel turns spent in this place.
 F = Non-inter-level travel turns spent in this place divided by the number of levels of this place that you've seen.
                   A       B       C       D       E      F
               +-------+-------+-------+-------+-------+----------------------
         Total | 100.0 | 100.0 |   0.0 |   0.0 |   0.0 | 205.4
       Dungeon | 100.0 | 100.0 |   0.0 |   0.0 |   0.0 | 205.4
               +-------+-------+-------+-------+-------+----------------------

Table legend:
 A = Kills in this place as a percentage of kills in entire the game.
 B = Kills by you in this place as a percentage of kills by you in the entire game.
 C = Kills by friends in this place as a percentage of kills by friends in the entire game.
 D = Other kills in this place as a percentage of other kills in the entire game.
 E = Experience gained in this place as a percentage of experience gained in the entire game.
 F = Experience gained in this place divided by the number of levels of this place that you have seen.
                   A       B       C       D       E      F
               +-------+-------+-------+-------+-------+----------------------
         Total | 100.0 | 100.0 | 100.0 |   N/A | 100.0 |  31.2
       Dungeon | 100.0 | 100.0 | 100.0 |   N/A | 100.0 |  31.2
               +-------+-------+-------+-------+-------+----------------------

Vault maps used:
D:1:      giann_wishing_wells, hex_intersection, hangedman_glass_teeth,
          minmay_crystal_room
D:2:      marbit_many_paths, makhleb_heckhound_becter
D:3:      grunt_qazlal_clouds, kennysheep_small_spiral, uniq_crazy_yiuf_cottage,
          uniq_terence
D:4:      lemuel_doored_altar
D:5:      vehumet_statue, first_ration
